 Dungeon Crawl Stone Soup version 0.19-a0-517-gd6a9987 (webtiles) character file.

36 inmateoo the Covered (level 3, -3/33 HPs)
             Began as a Minotaur Fighter on June 7, 2016.
             Slain by Crazy Yiuf
             ... wielding a +2 quarterstaff of chaos
              (11 damage)
             ... on level 2 of the Dungeon.
             The game lasted 00:02:48 (1026 turns).

inmateoo the Covered (Minotaur Fighter)             Turns: 1026, Time: 00:02:49

Health: -3/33      AC:  7    Str: 21    XL:     3   Next: 19%
Magic:  2/2        EV:  7    Int:  5    God:
Gold:   93         SH:  0    Dex:  7    Spells: 0 memorised, 2 levels left

rFire  . . .     SeeInvis .     a - +0 war axe
rCold  . . .     Gourm    .     b - +0 scale mail
rNeg   . . .     Faith    .     c - +0 shield
rPois  .         Spirit   .     (helmet restricted)
rElec  .         Dismiss  .     (no cloak)
rCorr  .         Reflect  .     (no gloves)
SustAt .         Harm     .     (no boots)
MR     +....                    (no amulet)
Stlth  ..........               (no ring)
                                (no ring)

@: confused, lethally poisoned (-3 -> -17), somewhat resistant to hostile
enchantments, extremely unstealthy
A: retaliatory headbutt, horns 2, clumsy 1, high mp 1, magic resistance 1
a: no special abilities


You were on level 2 of the Dungeon.
You were hungry.

You visited 1 branch of the dungeon, and saw 2 of its levels.

You collected 93 gold pieces.

Inventory:

Hand Weapons
 a - a +0 war axe (weapon)
Armour
 b - a +0 scale mail (worn)
 c - a +0 shield (worn)
Scrolls
 e - a scroll of recharging {unknown}
 h - a scroll of enchant armour {unknown}
 i - 3 scrolls of remove curse {unknown}
 j - a scroll of amnesia {unknown}
 l - a scroll of teleportation {unknown}
 m - a scroll of magic mapping {unknown}
Potions
 d - a potion of might
 g - a potion of agility
Comestibles
 f - 2 bread rations
 o - a meat ration


   Skills:
 + Level 4.0 Fighting
 * Level 3.6 Axes
 + Level 4.0 Armour
 + Level 3.7 Shields


You had 2 spell levels left.
You didn't know any spells.

Dungeon Overview and Level Annotations

Branches:
Dungeon (2/15)

Altars:
Nemelex Xobeh

Annotations:
D:2 Crazy Yiuf


Innate Abilities, Weirdness & Mutations

You reflexively headbutt those who attack you in melee.
You have a pair of horns on your head.
You are clumsy. (Dex -2)
You have an increased reservoir of magic. (+10% MP)
You are resistant to hostile enchantments. (MR+)


Message History

Crazy Yiuf says, "Peeping ladder verde!"
Crazy Yiuf hits you with a quarterstaff of chaos!
* * * LOW HITPOINT WARNING * * *
Crazy Yiuf freezes you.
* * * LOW HITPOINT WARNING * * *
Number of times to repeat, then command key: You must enter the number of times for the command to repeat.
Unknown command.
Unknown command.
Unknown command.
You are feeling hungry.
You closely miss Crazy Yiuf.
Crazy Yiuf is heavily wounded.
You feel sick.
Crazy Yiuf hits you with a quarterstaff of chaos.
* * * LOW HITPOINT WARNING * * *
You are lethally poisoned!
Crazy Yiuf says, "Nubble!"
Crazy Yiuf hits you with a quarterstaff of chaos!
You die...

#...##.....####....###.†....#..
#...##.....# #....# #.....)#
+...##.....# ♣♣PP.♣ #......#
#...##.....# ♣PP.♣ #>.....#
##.)..# ♣♣.♣♣ #.##...# #....#
♣♣.♣ #.# ...# #....# ♣.♣♣ #.#
...# #....# ♣♣.♣ ###### ♣@♣♣
#g# ... #...# #)..# #####


You could see Crazy Yiuf.

Vanquished Creatures
  An adder (D:2)
  2 dart slugs (D:1)
  3 giant geckos
  2 bats (D:1)
  4 goblins
  A hobgoblin (D:2)
  5 kobolds
  3 rats (D:1)
  A fungus (D:2)
22 creatures vanquished.

Notes
Turn   | Place    | Note
--------------------------------------------------------------
     0 | D:1      | inmateoo the Minotaur Fighter began the quest for the Orb.
     0 | D:1      | Reached XP level 1. HP: 19/19 MP: 0/0
   314 | D:1      | Reached XP level 2. HP: 23/27 MP: 1/1
   968 | D:2      | Found a sparkling altar of Nemelex Xobeh.
   998 | D:2      | Reached XP level 3. HP: 33/33 MP: 2/2
  1016 | D:2      | Noticed Crazy Yiuf
  1024 | D:2      | Gained mutation: You have an increased reservoir of magic. (+10% MP) [potion of mutation]
  1024 | D:2      | Gained mutation: You are resistant to hostile enchantments. (MR+) [potion of mutation]
  1024 | D:2      | Gained mutation: You are clumsy. (Dex -2) [potion of mutation]
  1026 | D:2      | Slain by Crazy Yiuf

Vault maps used:
D:1:      dpeg_arrival_water_temple_mockup, wad_floor_pattern_untrapped
D:2:      lemuel_crystal_altar, uniq_crazy_yiuf_cottage

Skill      XL: |  1  2  3 |
---------------+----------+-----
Axes           | 3 |  3.6
Armour         | 4 |  4.0
Fighting       | 4 |  4.0
Shields        | |  3.7

Action                   || total
-------------------------++-------
Melee: War axe           ||    78
       Headbutt          ||    10
  Use: Scroll            ||     2
       Potion            ||     2
Armor: Scale mail        ||    35
Dodge: Dodged            ||    25
Block: Shield            ||    31
